Map: Taito Citadel LE

Players

SCIInewby - Winner!

  • Race: Protoss Protoss
  • League: Master
  • Spawn Location: 11:00

MadMarty

  • Race: Terran Terran
  • League: Silver
  • Spawn Location: 5:00

VOD

Have the link to the VOD?

Description

Time

  • Played on: Feb. 11, 2026, 12:48 p.m.
  • Length: 14:13
Show
View Real Time Build Order
Export as new Build Order

SCIInewby Protoss - Winner!

Build Orders: 1 Gate Expand 

Get SALT Encoding   

  12  0:00  Probe  
  13  0:16  Probe  
  14  0:27  Pylon  
  14  0:33  Probe  
  15  0:45  Probe  
  15  0:49  Gateway  
  16  0:57  Probe  
  16  0:59  Assimilator  
  17  1:14  Forge  
  17  1:16  Probe  
  18  1:28  Probe  
  19  1:40  Probe  
  19  1:43  Nexus  
  22  1:47  Zealot  
  22  1:53  Probe  
  23  2:04  Cybernetics Core  
  23  2:11  Assimilator  
  23  2:21  Pylon  
  23  2:33  Warp Gate  
  23  2:35  Probe  
  23  2:39  Photon Cannon  
  23  2:42  Pylon  
  24  2:44  Probe  
  25  2:53  Probe  
  25  2:54  Probe  
  27  3:01  Probe  
  27  3:02  Probe  
  29  3:14  Stalker  
  31  3:22  Photon Cannon  
  31  3:34  Gateway  
  31  3:35  Gateway, Probe  
  31  3:37  Probe  
  33  3:48  Probe  
  34  3:49  Probe  
  34  3:52  Twilight Council  
  35  4:01  Probe x2  
  35  4:02  Pylon  
  37  4:03  Protoss Ground Weapons Level 1  
  37  4:10  Charge  
  37  4:13  Probe  
  37  4:16  Probe  
  39  4:18  Pylon  
  39  4:25  Probe  
  40  4:32  Zealot  
  40  4:33  Zealot x2  
  46  4:39  Probe x2  
  48  4:47  Assimilator  
  48  4:49  Assimilator  
  48  4:51  Probe x2  
  50  4:54  Dark Shrine  
  50  5:03  Photon Cannon  
  50  5:07  Photon Cannon  
  50  5:10  Pylon  
  50  5:14  Probe x2  
  52  5:24  Zealot x2  
  52  5:26  Probe  
  52  5:27  Probe  
  58  5:30  Photon Cannon  
  58  5:35  Photon Cannon  
  58  5:40  Zealot  
  60  5:53  Pylon, Zealot  
  60  5:55  Protoss Shields Level 1  
  62  5:58  Gateway  
  62  6:00  Zealot  
  62  6:03  Zealot  
  66  6:09  Pylon  
  66  6:14  Stargate, Probe  
  66  6:17  Zealot  
  69  6:26  Gateway  
  69  6:28  Gateway  
  69  6:38  Zealot  
  69  6:39  Stalker  
  73  6:41  Dark Templar  
  75  7:02  Nexus  
  75  7:04  Probe x2  
  77  7:09  Pylon  
  77  7:11  Protoss Air Weapons Level 1  
  77  7:12  Pylon  
  77  7:16  Probe  
  77  7:19  Stalker  
  77  7:20  Stalker  
  77  7:22  Zealot  
  80  7:28  Dark Templar x2  
  80  7:29  Dark Templar x2  
  82  7:54  Probe x2  
  84  8:03  Pylon  
  84  8:06  Probe x2  
  84  8:11  Fleet Beacon  
  86  8:16  Pylon  
  86  8:17  Probe  
  86  8:18  Probe  
  86  8:19  Pylon, Photon Cannon  
  86  8:20  Probe  
  87  8:33  Probe  
  70  8:45  Dark Templar x4  
  70  8:46  Dark Templar x2  
  72  9:08  Probe  
  72  9:09  Probe x2  
  67  9:18  Dark Templar  
  67  9:19  Dark Templar, Pylon  
  67  9:20  Probe  
  67  9:21  Probe, Photon Cannon  
  71  9:31  Archon x2  
  71  9:32  Archon  
  71  9:38  Pylon  
  71  9:40  Zealot x4  
  79  9:56  Pylon  
  79  9:58  Zealot x2  
  83  10:02  Zealot x4  
  72  10:32  Zealot x4  
  72  10:33  Zealot x2  
  70  10:36  Carrier  
  70  10:41  Probe x2  
  70  10:42  Probe  
  77  10:53  Probe x2  
  77  10:54  Probe  
  77  10:55  Zealot x4  
  77  10:56  Zealot x2  
  92  10:58  Protoss Shields Level 2  
  92  11:03  Robotics Facility  
  92  11:04  Robotics Facility  
  92  11:05  Probe x2  
  94  11:17  Zealot x4  
  94  11:18  Zealot x2  
  106  11:34  Assimilator  
  106  11:36  Assimilator  
  106  11:37  Carrier  
  106  11:38  Photon Cannon  
  106  11:41  Nexus  
  106  11:43  Zealot x2  
  106  11:44  Zealot x4  
  106  11:45  Immortal  
  118  11:52  Pylon  
  118  11:53  Immortal  
  128  11:56  Pylon  
  128  11:59  Pylon  
  132  12:06  Probe  
  132  12:07  Probe x2  
  135  12:13  Stalker  
  135  12:14  Stalker  
  135  12:15  Stalker  
  141  12:19  Assimilator  
  141  12:21  Assimilator  
  141  12:28  Stalker x3  
  147  12:37  Immortal, Stalker x2  
  147  12:38  Stalker  
  147  12:40  Observer  
  158  12:59  Stalker  
  158  13:00  Stalker x3  
  158  13:04  Immortal, Carrier  
  170  13:18  Zealot x2  
  180  13:47  Probe x2  
  180  13:48  Probe  
  183  13:54  Robotics Bay  
Show
View Real Time Build Order
Export as new Build Order

MadMarty Terran 

Build Orders:  

Get SALT Encoding   

  12  0:04  SCV  
  13  0:16  SCV  
  14  0:24  Supply Depot  
  15  0:28  SCV  
  15  0:46  SCV  
  15  0:48  Barracks  
  16  0:50  Supply Depot  
  16  0:58  SCV  
  17  1:10  SCV  
  18  1:12  Refinery  
  18  1:22  SCV  
  19  1:34  SCV  
  19  1:38  Marine  
  21  1:46  Barracks  
  21  1:48  Barracks  
  21  1:56  Marine  
  21  1:59  Orbital Command  
  22  2:04  Refinery  
  22  2:14  Marine  
  23  2:30  SCV  
  23  2:32  Supply Depot, Marine  
  25  2:41  Factory  
  25  2:42  Marine  
  26  2:56  SCV  
  27  3:03  Barracks Reactor  
  27  3:05  Barracks Tech Lab  
  27  3:11  Barracks Reactor  
  27  3:12  Engineering Bay  
  26  3:13  Supply Depot  
  26  3:22  SCV  
  26  3:26  Marauder  
  29  3:31  Widow Mine  
  31  3:34  SCV  
  31  3:36  Starport  
  32  3:47  SCV  
  33  3:48  Missile Turret  
  33  3:49  Missile Turret  
  33  3:51  Marine x2  
  35  3:57  Stimpack  
  35  4:03  SCV  
  36  4:11  Marine x2  
  36  4:15  Factory Tech Lab  
  38  4:32  Marine x2  
  40  4:39  Terran Infantry Weapons Level 1  
  40  4:49  Marine x2  
  40  4:51  Starport Reactor, Command Center  
  42  4:57  Cyclone  
  45  5:07  Marine x2  
  47  5:18  Supply Depot  
  47  5:22  Supply Depot  
  47  5:39  Marine x4  
  47  5:40  Siege Tank  
  54  5:43  Medivac x2  
  54  5:49  Missile Turret  
  58  6:04  Orbital Command  
  58  6:07  Supply Depot  
  58  6:09  Marine x2  
  60  6:14  Combat Shield  
  60  6:25  Refinery  
  60  6:27  Marine x2  
  62  6:38  Viking x2  
  66  6:45  Starport  
  66  6:48  Missile Turret  
  66  6:54  Marine x2  
  68  7:01  SCV  
  69  7:08  Refinery  
  69  7:11  Supply Depot  
  69  7:13  SCV  
  70  7:17  Missile Turret  
  52  7:49  Liberator x2  
  52  7:51  Marine x2, Marauder  
  62  8:04  Starport Tech Lab  
  62  8:09  Marine, Siege Tank  
  62  8:11  Missile Turret  
  54  8:23  Orbital Command  
  48  8:47  Marine x2  
  48  8:48  Marine  
  30  9:05  Marine  
  27  9:37  Supply Depot  
  27  10:01  Orbital Command  
  27  10:07  Siege Tank  
  27  10:13  Marine x2, Marauder  
  32  10:31  Marine  
  33  10:42  Supply Depot  
  32  10:43  Marine, Marauder  
  32  10:47  Terran Infantry Armor Level 1  
  32  10:49  Marine  
  36  10:51  Armory  
  36  10:53  Orbital Command  
  36  11:04  Marine x2  
  36  11:06  Siege Tank  
  41  11:24  Marine x2, Marauder  
  45  11:34  SCV  
  45  11:36  SCV  
  47  11:41  Marine  
  47  11:42  Marine  
  47  11:45  Marauder  
  51  11:48  SCV  
  52  11:59  Marine x2  
  52  12:00  SCV  
  55  12:06  Marine  
  56  12:12  SCV  
  56  12:14  Fusion Core  
  57  12:20  Refinery  
  57  12:24  SCV  
  57  12:29  Refinery  
  58  12:36  SCV  
  59  12:49  SCV  
  60  13:01  SCV  
  61  13:07  Concussive Shells  
  61  13:09  Barracks Reactor  
  61  13:13  SCV  
  61  13:15  Marine x3  
  71  13:25  SCV  
  72  13:33  Marine  
Tags
 
Matchup
PvT
Replay Pack
vannon
Spawn Locations
Cross Positions
Add a new tag
Caveats
  • Supply blocks, unpowered buildings, or Contaminate may cause inaccurate times.
  • Supply counts are checked every 10 seconds.